 Dungeon Crawl Stone Soup version 0.16.1-51-g6203257 (webtiles) character file.

2027 Miyamura the Chucker (level 9, 46/85 HPs)
             Began as a Troll Hunter on July 30, 2015.
             Starved to death
             ... on level 7 of the Dungeon.
             The game lasted 00:22:48 (6072 turns).

Miyamura the Chucker (Troll Hunter)                 Turns: 6072, Time: 00:22:48

Health: 46/85      AC:  6    Str: 23    XL:     9   Next: 3%
Magic:  9/9        EV: 11    Int:  7    God:
Gold:   310        SH:  0    Dex: 12    Spells: 0 memorised, 8 levels left

rFire  . . .     SeeInvis .     H - -3 giant spiked club (curse)
rCold  . . .     Clarity  +     d - +1 animal skin
rNeg   . . .     SustAb   .     (shield restricted)
rPois  .         Gourm    +     (helmet restricted)
rElec  .         Spirit   .     (no cloak)
rCorr  .         Warding  .     (gloves unavailable)
rMut   .         Stasis   .     (boots unavailable)
MR     +....                    y - amulet of rage
Stlth  +.........               (no ring)
                                g - ring of protection from magic

@: exhausted, starving, slowed, very slow, somewhat resistant to hostile
enchantments, very unstealthy
A: unfitting armour, claws 3, clarity, fast metabolism 3, gourmand, regeneration
2, shaggy fur 1, tough skin 2
a: Evoke Berserk Rage


You were on level 7 of the Dungeon.
You were starving.

You visited 1 branch of the dungeon, and saw 7 of its levels.

You collected 310 gold pieces.

Inventory:

Hand weapons
 H - a cursed -3 giant spiked club (weapon)
Missiles
 b - 5 large rocks (quivered)
 c - 2 throwing nets
Armour
 d - a +1 animal skin (worn)
 A - a +0 shield
Jewellery
 g - a ring of protection from magic (left claw)
 j - a cursed amulet of stasis
 y - an amulet of rage (around neck)
Magical devices
 l - a wand of confusion (12)
 o - a wand of lightning (4)
 w - a wand of slowing (19)
 D - a wand of random effects (23)
 G - a wand of lightning (6)
Scrolls
 e - 4 scrolls of teleportation
 n - a scroll of recharging
 p - 2 scrolls of blinking
 E - a scroll of enchant armour
 F - a scroll of amnesia
Potions
 h - 3 potions of flight
 k - a potion of mutation {unknown}
 m - 2 potions of restore abilities
 r - 4 potions of curing
 s - a potion of haste {unknown}
 u - a potion of magic {unknown}
 v - a potion of poison {unknown}
 z - 2 potions of agility {unknown}
 B - a potion of might
 C - a potion of degeneration {unknown}
Books
 t - a book of Changes

   Spells                             Type                      Level
   a - Beastly Appendage              Transmutation                1
   b - Sticks to Snakes               Transmutation                2
   c - Spider Form                    Transmutation/Poison         3
   d - Ice Form                       Ice/Transmutation            4
   e - Blade Hands                    Transmutation                5
Comestibles
 f - 3 meat rations
 i - 4 beef jerkies
 q - 2 bread rations


   Skills:
 - Level 4.4 Fighting
 + Level 3.5 Maces & Flails
 - Level 5.9 Throwing
 - Level 4.3 Dodging
 - Level 0.4 Stealth
 - Level 4.8 Unarmed Combat
 - Level 3.5 Evocations


You had 8 spell levels left.
You didn't know any spells.

Dungeon Overview and Level Annotations

Branches:
Dungeon (7/15)             Temple (0/1) D:7

Altars:
Ashenzari
Dithmenos
Fedhas
Gozag
Ru
Xom
Zin

Shops:
D:5 *   D:6 %

Annotations:
D:2 exclusion: oklob plant


Innate Abilities, Weirdness & Mutations

You are too large for most types of armour.
You have claws for hands.
Your metabolism is lightning-fast.
You like to eat raw meat.
You heal very quickly.
You are covered in fur (AC +1).
You have very tough skin (AC +2).
You possess an exceptional clarity of mind.


Message History

The hungry ghost closely misses you. The crimson imp hits you.
The hungry ghost barely misses you. The crimson imp barely misses you.
The hungry ghost hits you but does no damage.
You miss the hungry ghost.
The hungry ghost is severely damaged.
The crimson imp hits you. The hungry ghost closely misses you.
The crimson imp hits you but does no damage.
The hungry ghost hits you but does no damage.
You miss the hungry ghost.
The hungry ghost is severely damaged.
The crimson imp misses you. The hungry ghost closely misses you.
The crimson imp hits you but does no damage.
The hungry ghost hits you.
You feel slightly more hungry.
The crimson imp blinks!
The hungry ghost hits you.
You feel slightly more hungry.
You miss the hungry ghost.
The hungry ghost is severely damaged.
The hungry ghost barely misses you. The hungry ghost hits you.
You have starved to death.
You die...

##...................#
...........##.......##
##.........###...####
#.........##..###
##...........####
#.........###5..#
##.........###...#
##...............#######
##.........###.W@##......
...........# #..)##......§
..........## ##.###....>§≈.
##.......## #.###....!≈o.≈
##....### #.)##......≈§§
###[..### ##.##.....≈≈≈.
.)))....#######..M......≈≈≈≈≈
###.....................#≈≈≈
#....#.##.............#


You could see a hungry ghost and a crimson imp.

Vanquished Creatures
  Prince Ribbit (D:6)
  The ghost of Vojta the Vexing, an average FoAM (D:3)
  Menkaure (D:7)
  A sky beast (D:6)
  3 ogres
  A phantom (D:7)
  A centaur (D:6)
  Sigmund (D:5)
  Blork the orc (D:5)
  A crimson imp (D:6)
  5 orc priests
  A giant frog skeleton (D:7)
  3 jellies
  4 orc wizards
  3 worker ants
  2 hound skeletons
  Robin (D:4)
  7 gnolls
  18 adders
  A shadow imp (D:6)
  A giant mite (D:1)
  4 worms
  2 adder skeletons
  An adder zombie (D:5)
  2 giant geckos
  An ooze (D:3)
  15 orcs
  13 bats
  A bat skeleton (D:7)
  3 giant cockroaches
  17 goblins
  11 hobgoblins
  2 jackals (D:5)
  2 quokkas (D:2)
  A ball python (D:2)
  A giant gecko skeleton (D:5)
  7 giant newts
  12 kobolds
  7 rats
160 creatures vanquished.

Vanquished Creatures (others)
  A giant frog (D:7)
  2 orc wizards
  An iguana (D:7)
  A bat zombie (D:7)
  A giant cockroach (D:7)
  A kobold (D:7)
  A rat (D:3)
8 creatures vanquished.

Grand Total: 168 creatures vanquished

Notes
Turn   | Place    | Note
--------------------------------------------------------------
     0 | D:1      | Miyamura, the Troll Hunter, began the quest for the Orb.
     0 | D:1      | Reached XP level 1. HP: 19/19 MP: 1/1
    77 | D:1      | Reached skill level 1 in Unarmed Combat
    91 | D:1      | Reached XP level 2. HP: 26/28 MP: 1/1
   624 | D:2      | Reached XP level 3. HP: 31/35 MP: 2/2
   849 | D:2      | Found a blossoming altar of Fedhas.
   872 | D:2      | Noticed an oklob plant
  1077 | D:2      | Reached XP level 4. HP: 42/42 MP: 2/2
  1086 | D:2      | Reached skill level 4 in Throwing
  1267 | D:2      | Found an opulent altar of Gozag.
  1971 | D:3      | Noticed Vojta's ghost (average FoAM)
  1981 | D:3      | Reached XP level 5. HP: 47/50 MP: 2/2
  2211 | D:2      | Reached skill level 1 in Evocations
  2827 | D:3      | Killed Vojta's ghost
  2827 | D:3      | Reached XP level 6. HP: 18/59 MP: 2/4
  3046 | D:4      | Found a sacrificial altar of Ru.
  3179 | D:4      | Noticed Robin
  3203 | D:4      | Killed Robin
  3464 | D:5      | Entered Level 5 of the Dungeon
  3464 | D:5      | Found Zin's Purification Station.
  3465 | D:5      | Found a glowing silver altar of Zin.
  3508 | D:5      | Reached XP level 7. HP: 43/67 MP: 5/5
  3618 | D:5      | Found a shattered altar of Ashenzari.
  3631 | D:5      | Noticed Blork the orc
  3644 | D:5      | Killed Blork the orc
  3723 | D:5      | Reached skill level 5 in Throwing
  3793 | D:5      | Noticed Sigmund
  3806 | D:5      | Killed Sigmund
  4585 | D:6      | Noticed Prince Ribbit
  4604 | D:6      | Killed Prince Ribbit
  4604 | D:6      | Reached XP level 8. HP: 73/78 MP: 7/7
  4872 | D:6      | Found a shadowy altar of Dithmenos.
  5212 | D:6      | Found Kevirat's Food Shop.
  5491 | D:6      | Gained mutation: You possess an exceptional clarity of mind. [mutagenic meat]
  5492 | D:6      | Gained mutation: You are resistant to hostile enchantments. [mutagenic meat]
  5493 | D:6      | Lost mutation: You are resistant to hostile enchantments. [mutagenic meat]
  5650 | D:7      | Found a staircase to the Ecumenical Temple.
  5931 | D:7      | Found a shimmering altar of Xom.
  5931 | D:7      | Noticed Menkaure
  6043 | D:7      | Killed Menkaure
  6043 | D:7      | Reached XP level 9. HP: 85/85 MP: 9/9
  6072 | D:7      | Starved to death

Action                   |  1- 3 |  4- 6 |  7- 9 || total
-------------------------+-------+-------+-------++-------
Melee: Unarmed           |   100 |   237 |   203 ||   540
       Giant spiked club |       |       |   103 ||   103
Throw: Large rock        |       |     3 |       ||     3
 Abil: Evoke Berserk Rag |       |       |     6 ||     6
Evoke: Wand              |       |    11 |       ||    11
  Use: Scroll            |     6 |     6 |     4 ||    16
       Potion            |       |       |     1 ||     1
 Stab: Confused          |       |     4 |       ||     4
  Eat: Chunk             |    13 |    23 |    22 ||    58
       Pizza             |       |       |     1 ||     1
       Bread ration      |       |       |     1 ||     1
